 Dungeon Crawl Stone Soup version 0.23-a0-121-g4413648 (webtiles) character file.

51 Amnesiac the Gusty (level 3, -9/24 HPs)
             Began as a Mummy Air Elementalist on Aug 25, 2018.
             Killed from afar by Dowan (21 damage)
             ... with a puff of flame
             ... on level 4 of the Dungeon.
             The game lasted 00:02:38 (503 turns).

Amnesiac the Gusty (Mummy Air Elementalist)          Turns: 503, Time: 00:02:38

Health: -9/24      AC:  2    Str: 11    XL:     3   Next: 57%
Magic:  0/7        EV: 12    Int: 15    God:
Gold:   16         SH:  0    Dex: 12    Spells: 5/8 levels left

rFire    x . .     SeeInvis .   d - +0 hand axe
rCold    + . .     Gourm    .   (no shield)
rNeg     + + +     Faith    .   a - +0 robe
rPois    ∞         Spirit   .   (no helmet)
rElec    .         Reflect  .   (no cloak)
rCorr    .         Harm     .   (no gloves)
MR       .....                  (no boots)
Stlth    +.........             (no amulet)
HPRegen  0.08/turn              (no ring)
MPRegen  0.10/turn              (no ring)

@: very slightly contaminated, glowing
A: no food or potions, fire vulnerability, cold resistance 1, negative energy
resistance 3, torment resistance, unbreathing
a: no special abilities


You were on level 4 of the Dungeon.
You were not hungry.

You visited 1 branch of the dungeon, and saw 4 of its levels.

You collected 16 gold pieces.

Inventory:

Hand Weapons
 d - a +0 hand axe (weapon)
Armour
 a - a +0 robe (worn)
Scrolls
 b - a scroll of remove curse {!r, unknown}
 c - a scroll of fear {!r, unknown}


   Skills:
 - Level 1.5 Dodging
 - Level 1.5 Stealth
 + Level 3.4 Spellcasting
 - Level 0.7 Conjurations
 * Level 3.4 Air Magic


You had 5 spell levels left.
You knew the following spells:

 Your Spells              Type           Power        Failure   Level  Hunger
a - Shock                 Conj/Air       #...         9%          1    N/A
z - Swiftness             Chrm/Air       #.......     14%         2    N/A

Your spell library contained the following spells:

 Spells                   Type           Power        Failure   Level  Hunger
 Static Discharge         Conj/Air       #.......     24%         3    N/A
 Airstrike                Air            ##........   41%         4    N/A
 Lightning Bolt           Conj/Air       #.........   92%         5    N/A

Dungeon Overview and Level Annotations

Branches:
Dungeon (4/15)
 Temple: D:4-7

Altars:

Annotations:
D:4 Dowan, Eustachio


Innate Abilities, Weirdness & Mutations

You do not eat or drink.
Your flesh is vulnerable to fire.
You are immune to poison.
Your flesh is cold resistant. (rC+)
You are immune to negative energy. (rN+++)
You are immune to unholy pain and torment.
You can survive without breathing.


Message History

You don't have enough magic to cast that spell.
Casting: Shock (safe; 9% risk of failure)
Confirm with . or Enter, or press ? or * to list all spells.
You don't have enough magic to cast that spell.
You hit Dowan but do no damage.
Dowan is severely wounded.
Dowan gestures at you while chanting. You resist with some effort.
Dowan gestures at you while chanting. The puff of flame misses you.
You see here a hand axe.
d - a hand axe Dowan gestures at you while chanting.
You resist with some effort.
Dowan hisses, "Insulting my beauty only makes me fight harder!"
Wield which item (- for none, * to show all)? (? for menu, Esc to quit)
d - a +0 hand axe (weapon)
Dowan points at you and mumbles some strange words.
You resist with some effort.
Casting: Shock (safe; 9% risk of failure)
Confirm with . or Enter, or press ? or * to list all spells.
Aiming: Shock (safe; 9% risk of failure)
Press: ? - help, Shift-Dir - straight line, f/p - Dowan
Aim: Dowan, wielding a dagger and wearing a robe (severely wounded)
The zap hits Dowan.
Dowan is severely wounded.
The zap misses Dowan.
Unknown command.
Casting: Shock (safe; 9% risk of failure)
Confirm with . or Enter, or press ? or * to list all spells.
You don't have enough magic to cast that spell.
Casting: Shock (safe; 9% risk of failure)
Confirm with . or Enter, or press ? or * to list all spells.
You don't have enough magic to cast that spell.
You barely miss Dowan.
Dowan is severely wounded.
Dowan barely misses you.
You hit Dowan.
Dowan is severely wounded.
Dowan hits you with a dagger. Dowan misses you.
You closely miss Dowan.
Dowan is severely wounded.
Dowan hits you but does no damage.
You barely miss Dowan.
Dowan is severely wounded.
Dowan closely misses you.
Casting: Shock (safe; 9% risk of failure)
Confirm with . or Enter, or press ? or * to list all spells.
Aiming: Shock (safe; 9% risk of failure)
Press: ? - help, Shift-Dir - straight line, f/p - Dowan
Aim: Dowan, wielding a dagger and wearing a robe (severely wounded)
The zap misses Dowan. x2; Dowan hits you with a dagger.
Unknown command.
You hit Dowan but do no damage.
Dowan is severely wounded.
Dowan casts a spell at you.
You are outlined in light.
Dowan hits you with a dagger.
* * * LOW HITPOINT WARNING * * *
You barely miss Dowan.
Dowan is severely wounded.
Dowan gestures at you while chanting. The puff of flame hits you!
The fire burns you terribly!
Ouch! That really hurt!
You die...

##.###.## ##(##
##.##### #####
#.## ##....#
..<.## #..##
##.###.#
##(..######
#.#.###.## #.#
...........
...##.#.## #.#
##...######
#######.######.#
##.##
#.#######.#......#
#.#
#.....@e..#.######
#.# ###########.#
#.######### #.#
#.........# #.#
#########.# #.#
#.# #.#
#.#########.#
#........##.#
########(##.#


You could see Dowan.

Vanquished Creatures
  A hound (D:4)
  An adder (D:2)
  A leopard gecko (D:2)
  A giant cockroach (D:1)
  4 jackals (D:1)
  A kobold (D:1)
  2 rats (D:2)
11 creatures vanquished.

Notes
Turn   | Place    | Note
-------+----------+-------------------------------------------
     0 | D:1      | Amnesiac the Mummy Air Elementalist began the quest for the Orb.
     0 | D:1      | Reached XP level 1. HP: 13/13 MP: 4/4
    68 | D:1      | Reached XP level 2. HP: 17/19 MP: 0/5
   111 | D:1      | Learned a level 2 spell: Swiftness
   272 | D:4      | Noticed Eustachio
   323 | D:4      | Reached XP level 3. HP: 18/24 MP: 0/7
   467 | D:4      | Noticed Dowan
   503 | D:4      | Killed from afar by Dowan

Vault maps used:
D:1:      tarquinn_simple_flora_water_d
D:2:      first_ration, uniq_natasha
D:3:      grunt_decor_clamped, minmay_randomly_rotated_circles
D:4:      lemuel_round_altar, serial_shops, nicolae_shop_statue_plus,
          uniq_duvessa, uniq_eustachio, uniq_robin

Skill      XL: |  1  2 |
---------------+-------+-----
Spellcasting   | 3 |  3.4
Air Magic      | 3 |  3.4
Dodging        | |  1.5
Stealth        | |  1.5
Conjurations   | |  0.7

Action                   || total
-------------------------++-------
Melee: Unarmed           ||    10
       Hand axe          ||     6
 Cast: Shock             ||    29
Armor: Robe              ||     5
Dodge: Dodged            ||    27

Table legend:
 A = Non-vault XP
 B = Vault XP
 C = Vault XP percentage of total XP
 D = Non-vault monster count
 E = Vault monster count
 F = Vault count percentage of total count
                 A         B        C        D         E       F
            +---------+---------+-------+---------+---------+-------
      Total |      73 |       0 |   0.0 |      11 |       0 |   0.0
            +---------+---------+-------+---------+---------+-------
        D:1 |      12 |       0 |   0.0 |       6 |       0 |   0.0
        D:2 |      18 |       0 |   0.0 |       4 |       0 |   0.0
        D:4 |      43 |       0 |   0.0 |       1 |       0 |   0.0
            +---------+---------+-------+---------+---------+-------
